 Dungeon Crawl Stone Soup version 0.18.1-5-g4a78601 (webtiles) character file.

13538 IcyTea the Summoner (level 11, -2/84 HPs)
             Began as a Grey Draconian Summoner on May 10, 2016.
             Was a High Priest of Sif Muna.
             Slain by a sixfirhy (13 damage)
             ... summoned by an orc high priest
             ... on level 1 of the Orcish Mines.
             The game lasted 02:33:18 (19120 turns).

IcyTea the Summoner (Grey Draconian Summoner)      Turns: 19120, Time: 02:33:18

Health: -2/84      AC: 14    Str: 10    XL:     11   Next: 76%
Magic:  22/33      EV: 12    Int: 18    God:    Sif Muna [*****.]
Gold:   1519       SH:  5    Dex: 11    Spells: 5 memorised, 13 levels left

rFire  . . .     SeeInvis .     L - +1 trident (freeze)
rCold  + + .     Gourm    .     (armour unavailable)
rNeg   . . .     Faith    .     (no shield)
rPois  +         Spirit   .     (helmet restricted)
rElec  +         Dismiss  .     Q - +0 cloak
rCorr  +         Reflect  +     f - +0 pair of gloves
SustAt .         Harm     .     (no boots)
MR     .....                    R - +5 amulet of reflection
Stlth  ++........               z - ring of ice
                                e - ring of magical power

@: resistant, not resistant to hostile enchantments, unstealthy
A: walk through water, unfitting armour, dopey 1, poison resistance, wild magic
1, unbreathing, cold-blooded, AC +12
a: Channel Energy, Forget Spell, Renounce Religion


You were on level 1 of the Orcish Mines.
You worshipped Sif Muna.
Sif Muna was extremely pleased with you.
You were not hungry.

You visited 4 branches of the dungeon, and saw 17 of its levels.
You also visited: Ossuary.

You collected 1519 gold pieces.

Inventory:

Hand Weapons
 h - a +1 spear of protection
 L - a +1 trident of freezing (weapon)
Missiles
 j - 2 throwing nets (quivered)
 q - 4 tomahawks
Armour
 f - a +0 pair of gloves (worn)
 Q - a +0 cloak (worn)
Rods
 C - a +0 rod of clouds (13/13)
   (You found it on level 9 of the Dungeon)
Jewellery
 e - a ring of magical power (left hand)
 k - an uncursed ring of protection from cold
 m - the ring "Fing" {*Corrode rN+ Str+5 Int-4 Dex+8}
   (You found it on level 6 of the Dungeon)

   [ring of strength]

   It affects your strength (+5).
   It affects your intelligence (-4).
   It affects your dexterity (+8).
   It protects you from negative energy.
   It may corrode you when you take damage.
 y - an uncursed ring of positive energy
 z - a ring of ice (right hand)
 G - an uncursed ring of magical power
 P - a +4 ring of dexterity
 R - a +5 amulet of reflection (around neck)
Wands
 o - a wand of confusion (14/48)
 r - a wand of flame (16/48)
 t - a wand of iceblast (11/15)
 A - a wand of slowing (23/48)
 B - a wand of polymorph (4/24)
 M - a wand of acid (8/15)
Scrolls
 d - 5 scrolls of remove curse
 i - 2 scrolls of teleportation
 n - 3 scrolls of enchant armour
 s - 3 scrolls of fear
 v - 2 scrolls of identify
 w - 4 scrolls of noise
 x - a scroll of amnesia
Potions
 l - 2 potions of cancellation
 E - 3 potions of curing
 F - a potion of agility
 H - a potion of might
 N - a potion of berserk rage
Books
 J - a book of Alchemy

   Spells                             Type                      Level
   a - Sublimation of Blood           Necromancy                   2
   b - Ignite Poison                  Fire/Transmutation/Poison    3
   c - Petrify                        Transmutation/Earth          4
   d - Alistair's Intoxication        Transmutation/Poison         5
   e - Irradiate                      Conjuration/Transmutation    5
 K - a book of Callings

   Spells                             Type                      Level
   a - Summon Small Mammal            Summoning                    1
   b - Call Imp                       Summoning                    2
   c - Call Canine Familiar           Summoning                    3
   d - Summon Guardian Golem          Hexes/Summoning              3
   e - Summon Lightning Spire         Summoning/Air                4
   f - Summon Ice Beast               Ice/Summoning                4
Miscellaneous
 I - a lamp of fire
 O - an ornate deck of changes
Comestibles
 b - 10 bread rations
 c - 5 meat rations
 p - a royal jelly
 u - 2 beef jerkies
 D - 2 slices of pizza


   Skills:
 - Level 4.2 Fighting
 - Level 5.3 Polearms
 - Level 1.7 Dodging
 - Level 1.7 Stealth
 + Level 9.9 Spellcasting
 - Level 11.1 Summonings
 - Level 5.0 Transmutations
 - Level 4.6 Ice Magic
 - Level 1.1 Air Magic
 - Level 6.1 Earth Magic
 - Level 4.6 Invocations
 - Level 0.2 Evocations


You had 13 spell levels left.
You knew the following spells:

 Your Spells              Type           Power        Failure   Level  Hunger
a - Summon Small Mammal   Summ           ####         1%          1    None
b - Summon Ice Beast      Ice/Summ       ######..     6%          4    ###....
c - Summon Guardian Gole  Hex/Summ       #####...     4%          3    None
d - Petrify               Trmt/Erth      #####...     14%         4    ###....
e - Summon Lightning Spi  Summ/Air       #####...     12%         4    ###....


Dungeon Overview and Level Annotations

Branches:
Dungeon (13/15)            Temple (1/1) D:6            Lair (1/8) D:8
    Orc (2/2) D:10
    Elf: Orc:2       Vaults: D:13-14

Altars:
Ashenzari
Cheibriados
Dithmenos
Elyvilon
Fedhas
Gozag
Kikubaaqudgha
Makhleb
Nemelex Xobeh
Okawaru
Pakellas
Qazlal
Ru
Sif Muna
Trog
Vehumet
Xom
Yredelemnul
Zin
The Shining One

Shops:
D:6 %

Portals:
Trove: D:11 (give wand of hasting (9))

Annotations:
Orc:2 Azrael


Innate Abilities, Weirdness & Mutations

You can walk through water.
Your dull iron-grey scales are very hard (AC +12).
Your body does not fit into most forms of armour.
You can survive without breathing.
You are cold-blooded and may be slowed by cold attacks.
You are dopey. (Int -2)
Your system is resistant to poisons.
Your spells are a little harder to cast, but a little more powerful.


Message History

Casting: Summon Ice Beast
Confirm with . or Enter, or press ? or * to list all spells.
You feel a surge of power! A chill wind blows around you.
The orc high priest prays to Beogh.
The hell hound barely misses you.
The hell hound bites you but does no damage.
Your ice beast hits the troll.
Your ice beast freezes the troll!
The hell hound bites you but does no damage.
Things that are here:
a ring mail; a flail Your ice beast disappears in a puff of smoke!
Your ice beast hits the orc knight but does no damage.
The orc knight hits your ice beast with a dire flail.
The hell hound bites you.
* * * LOW HITPOINT WARNING * * *
Things that are here:
a robe; a dagger Something hits your ice beast!
The hell hound barely misses you. The sixfirhy hits you!
You die...

###..## #................[.#.....
###.######.............).)[..[...
.....#.####.##.##.....)>o).......
).......#######.......3[#[.......
[[.[.#.#.##.##....#....#.......#.
....#........##....[oY.#.........
....[.....#.###....Y.............
...##.##.##)#..#..#h......#......
....######......@4[T.............
...#.## ##....##.).............#
......# #......................#
..##.## ##................#.#.##
###### #...................##
##..#...............#
###..........#....##
#...#.......#...###
##.........#...##.##


You could see an orc knight, a sun demon, a troll, a sixfirhy, a hell hound and
2 friendly ice beasts.

Vanquished Creatures
  An unseen horror (D:10)
  Grinder (D:3)
  Sigmund (D:4)
  A yak (D:12)
  2 orc warriors (Orc:1)
  2 ogres
  A phantom (D:6)
  A sky beast (D:8)
  An ice beast (D:12)
  2 elf zombies
  2 giant frogs
  3 elf skeletons (D:8)
  2 wights (D:12)
  A howler monkey (D:12)
  A crimson imp (D:5)
  4 centaur zombies
  A centaur skeleton (D:8)
  An orc priest (Orc:1)
  3 orc wizards
  3 giant frog skeletons
  2 worker ants
  A big kobold zombie (Ossuary)
  An ogre zombie (Ossuary)
  A hound zombie (D:5)
  2 hound skeletons
  A worker ant zombie (D:11)
  A gnoll (D:2)
  3 adders
  A shadow imp (D:5)
  3 adder zombies (Ossuary)
  2 worms
  3 giant geckos
  14 orcs
  3 bats
  5 bat skeletons (D:7)
  5 giant cockroaches
  5 goblins
  2 hobgoblins (D:3)
  10 jackals
  4 quokkas
  4 giant newts
  4 goblin zombies (Ossuary)
  4 hobgoblin zombies (Ossuary)
  2 kobold zombies (Ossuary)
  An orc skeleton (D:8)
  A quokka skeleton (D:4)
  2 quokka zombies (Ossuary)
  9 rats
  2 rat zombies (Ossuary)
132 creatures vanquished.

Vanquished Creatures (collateral kills)
  An orc warlord (Orc:1)
  Erolcha (Orc:1)
  Erica (D:9)
  The ghost of Potsanchik the Basher, a novice OgCK of Xom (D:7)
  A hill giant (D:10)
  Pikel (D:4)
  An ugly thing (D:11)
  A manticore (D:12)
  An orc sorcerer (D:10)
  2 cyclopes (D:12)
  Maurice (D:10)
  2 gargoyles
  A komodo dragon (D:8)
  6 trolls
  3 two-headed ogres
  6 slime creatures
  10 yaks
  2 wyverns
  A fire elemental (Orc:1)
  3 hippogriffs
  4 wargs
  A soldier ant (D:12)
  A water moccasin (D:8)
  A giant eyeball (D:12)
  Duvessa (D:4)
  An ice beast (D:8)
  A black bear (D:7)
  An eye of draining (D:12)
  2 phantoms
  A sky beast (D:6)
  A necrophage (D:10)
  15 orc warriors
  8 ogres
  5 centaurs
  2 big kobolds
  4 giant frogs
  An elf skeleton (D:8)
  8 scorpions
  Dowan (D:4)
  6 killer bees (D:12)
  A wight (D:12)
  9 howler monkeys
  6 crimson imps
  11 orc priests
  9 orc wizards
  4 hounds
  A centaur zombie (Ossuary)
  2 centaur skeletons
  2 giant frog skeletons
  3 iguanas
  2 worker ants
  A killer bee zombie (D:10)
  2 ogre zombies (Ossuary)
  7 mummies (Ossuary)
  9 adders
  7 gnolls
  4 shadow imps
  2 worms (D:2)
  A dart slug (D:1)
  3 giant geckos
  47 orcs
  A ball python (D:3)
  2 bats
  A giant cockroach (D:2)
  5 hobgoblins
  11 jackals
  2 quokkas
  A giant newt (D:2)
  2 goblin zombies (Ossuary)
  7 kobolds
  2 kobold zombies (Ossuary)
  4 rats
  2 rat zombies (Ossuary)
  3 plants (D:8)
287 creatures vanquished.

Vanquished Creatures (others)
  A slave (D:4)
  A howler monkey (D:4)
  An orc wizard (Orc:1)
  An orc (D:4)
  A plant (D:8)
5 creatures vanquished.

Grand Total: 424 creatures vanquished

Notes
Turn   | Place    | Note
--------------------------------------------------------------
     0 | D:1      | IcyTea the Draconian Summoner began the quest for the Orb.
     0 | D:1      | Reached XP level 1. HP: 14/14 MP: 3/3
   219 | D:1      | Reached XP level 2. HP: 16/20 MP: 5/5
   878 | D:2      | Reached skill level 5 in Summonings
   878 | D:2      | Reached XP level 3. HP: 26/26 MP: 6/6
   937 | D:2      | Found a basalt altar of Yredelemnul.
  1129 | D:2      | Reached skill level 1 in Polearms
  1753 | D:3      | Reached XP level 4. HP: 33/33 MP: 7/7
  1761 | D:2      | Learned a level 4 spell: Summon Ice Beast
  2241 | D:3      | Reached skill level 1 in Ice Magic
  2313 | D:3      | Found a sacrificial altar of Ru.
  2669 | D:4      | Reached XP level 5. HP: 23/38 MP: 8/8
  2682 | D:3      | Learned a level 3 spell: Summon Guardian Golem
  3032 | D:5      | Entered Level 5 of the Dungeon
  3251 | D:4      | Noticed Duvessa
  3286 | D:5      | Reached skill level 6 in Summonings
  3288 | D:5      | Noticed an ogre
  3307 | D:5      | Killed an ogre
  3307 | D:5      | Reached XP level 6. HP: 12/45 MP: 3/10
  3751 | D:4      | Noticed Dowan
  3751 | D:4      | Noticed Grinder
  3984 | D:4      | Paralysed by Grinder for 4 turns
  4125 | D:3      | Killed Grinder
  4316 | D:4      | Killed Dowan
  4316 | D:4      | Reached skill level 7 in Summonings
  4457 | D:4      | Found an iron altar of Okawaru.
  4457 | D:4      | Found a radiant altar of Vehumet.
  4544 | D:4      | Killed Duvessa
  4754 | D:4      | Your scales start taking on a dull iron-grey colour.
  4754 | D:4      | Reached XP level 7. HP: 50/50 MP: 9/11
  4754 | D:4      | Gained mutation: You can survive without breathing. [Grey Draconian growth]
  4887 | D:4      | Noticed Pikel
  4896 | D:4      | Killed Pikel
  4902 | D:4      | Noticed Sigmund
  4914 | D:4      | Killed Sigmund
  4914 | D:4      | Reached skill level 5 in Spellcasting
  5443 | D:5      | Reached XP level 8. HP: 57/57 MP: 15/15
  6455 | D:6      | Found a white marble altar of Elyvilon.
  6466 | D:6      | Reached skill level 8 in Summonings
  6615 | D:6      | Got a wavering lead ring
  6887 | D:6      | Found Mihi's Food Shop.
  7001 | D:6      | Identified the ring "Fing" {*Corrode rN+ Str+5 Int-4 Dex+8} (You found it on level 6 of the Dungeon)
  7051 | D:6      | Found a blossoming altar of Fedhas.
  7058 | D:6      | Found a stormy altar of Qazlal.
  7178 | D:6      | Found a staircase to the Ecumenical Temple.
  7208 | Temple   | Entered the Ecumenical Temple
  7222 | Temple   | Became a worshipper of Sif Muna the Loreminder
  7614 | D:7      | Found an ancient bone altar of Kikubaaqudgha.
  7735 | D:7      | Noticed Potsanchik's ghost (novice OgCK)
  8627 | D:7      | Reached skill level 1 in Fighting
  8657 | D:7      | Found a glowing silver altar of Zin.
  8999 | D:8      | Reached XP level 9. HP: 51/64 MP: 18/18
  9062 | D:8      | Found a sand-covered staircase.
  9180 | Ossuary  | Entered an ossuary
  9818 | Ossuary  | Gained mutation: Your spells are a little harder to cast, but a little more powerful. [potion of mutation]
  9818 | Ossuary  | Gained mutation: You are dopey. (Int -2) [potion of mutation]
  9818 | Ossuary  | Gained mutation: Your system is resistant to poisons. [potion of mutation]
  9864 | D:8      | Reached * piety under Sif Muna
  9957 | D:8      | Reached skill level 1 in Invocations
 10095 | D:7      | Killed Potsanchik's ghost
 10667 | D:8      | Found a staircase to the Lair.
 10668 | D:8      | Noticed a komodo dragon
 10698 | D:8      | Killed a komodo dragon
 10780 | Lair:1   | Entered Level 1 of the Lair of Beasts
 10782 | Lair:1   | Noticed a black mamba
 11124 | D:9      | Identified a +0 rod of clouds (13/13) (You found it on level 9 of the Dungeon)
 11133 | D:9      | Noticed Erica
 11142 | D:9      | Killed Erica
 11469 | D:9      | Noticed a troll
 11480 | D:9      | Killed a troll
 11480 | D:9      | Reached XP level 10. HP: 79/79 MP: 5/22
 11815 | D:9      | Learned a level 4 spell: Petrify
 11954 | D:10     | Entered Level 10 of the Dungeon
 11954 | D:10     | Noticed Maurice
 12006 | D:10     | Killed Maurice
 12123 | D:10     | Reached ** piety under Sif Muna
 12459 | D:11     | Noticed a gargoyle
 12526 | D:10     | Killed an unseen horror
 12564 | D:10     | Noticed a hill giant
 12568 | D:10     | Killed a hill giant
 12627 | D:10     | Found Jublet's Antique Armour Emporium.
 12691 | D:10     | Noticed a gargoyle
 12708 | D:10     | Killed a gargoyle
 12708 | D:10     | Reached *** piety under Sif Muna
 12869 | D:10     | Found a staircase to the Orcish Mines.
 12871 | D:10     | Reached skill level 5 in Transmutations
 13210 | Orc:1    | Entered Level 1 of the Orcish Mines
 13644 | Orc:1    | Reached skill level 9 in Summonings
 13833 | Orc:1    | Noticed Erolcha
 13835 | Orc:1    | Paralysed by Erolcha for 7 turns
 13843 | Orc:1    | Paralysed by Erolcha for 2 turns
 13850 | Orc:1    | Killed Erolcha
 13850 | Orc:1    | Reached skill level 5 in Polearms
 14056 | Orc:2    | Entered Level 2 of the Orcish Mines
 14190 | Orc:1    | Noticed an orc warlord
 14389 | Orc:1    | Reached XP level 11. HP: 42/84 MP: 20/23
 14672 | Orc:1    | Reached **** piety under Sif Muna
 14868 | Orc:2    | Noticed an orc knight
 14888 | Orc:2    | Noticed an orc high priest
 15230 | D:10     | Learned a level 4 spell: Summon Lightning Spire
 15585 | D:11     | Reached skill level 1 in Air Magic
 15807 | D:11     | Found a portal to a secret trove of treasure.
 16195 | D:11     | Noticed a green ugly thing
 16204 | D:11     | Killed a green ugly thing
 16411 | D:12     | Reached skill level 10 in Summonings
 16940 | D:12     | Reached ***** piety under Sif Muna
 17884 | D:12     | Reached skill level 11 in Summonings
 18416 | Orc:2    | Noticed an orc sorcerer
 18416 | Orc:2    | Noticed an orc warlord
 18416 | Orc:2    | Noticed an orc sorcerer
 18416 | Orc:2    | Noticed an orc sorcerer
 18416 | Orc:2    | Noticed an orc knight
 18417 | Orc:2    | Noticed an orc sorcerer
 18417 | Orc:2    | Noticed an orc high priest
 18417 | Orc:2    | Noticed an orc knight
 18432 | D:10     | Killed an orc sorcerer
 18604 | Orc:1    | Killed an orc warlord
 18940 | Orc:2    | Noticed Azrael
 19114 | Orc:1    | Noticed a sun demon
 19120 | Orc:1    | Slain by a sixfirhy

Skill      XL: |  1  2  3  4  5  6  7  8  9 10 11 |
---------------+----------------------------------+-----
Summonings     | 5 6 7 8 9 11 | 11.1
Polearms       | 1 2 3 4 5 |  5.3
Ice Magic      | 2 3 4 |  4.6
Spellcasting   | 3 5 6 8 9 |  9.9
Fighting       | 1 4 |  4.2
Invocations    | 4 |  4.6
Earth Magic    | 6 |  6.1
Transmutations | 5 |  5.0
Air Magic      | 1 |  1.1
Dodging        | |  1.7
Stealth        | |  1.7
Evocations     | |  0.2

Action                   |  1- 3 |  4- 6 |  7- 9 | 10-12 || total
-------------------------+-------+-------+-------+-------++-------
Melee: Unarmed           |    11 |       |       |     3 ||    14
       Tailslap          |     5 |     6 |    60 |    42 ||   113
       Club              |     6 |       |       |       ||     6
       Whip              |     1 |       |       |       ||     1
       Spear             |    31 |   145 |   656 |   290 ||  1122
       Trident           |       |       |       |    77 ||    77
 Cast: Summon Small Mamm |    76 |   127 |    26 |     3 ||   232
       Summon Guardian G |       |     7 |     9 |     6 ||    22
       Summon Ice Beast  |       |     6 |   108 |   191 ||   305
       Summon Lightning  |       |       |       |     7 ||     7
Invok: Channel Energy    |       |       |     4 |     6 ||    10
Evoke: Wand              |       |       |       |     4 ||     4
       Rod               |       |       |       |     2 ||     2
  Use: Scroll            |     2 |     5 |    13 |     9 ||    29
       Potion            |       |     4 |     7 |     7 ||    18
 Stab: Distracted        |     1 |     4 |     3 |     8 ||    16
       Sleeping          |     1 |     1 |     9 |     1 ||    12
       Paralysed         |       |     1 |       |       ||     1
  Eat: Chunk             |     4 |    11 |    30 |    43 ||    88
       Fruit             |       |     1 |     3 |       ||     4
       Beef jerky        |       |       |     2 |     3 ||     5
       Meat ration       |       |       |     1 |       ||     1
Armor: Skin              |    23 |    57 |   232 |   272 ||   584
Dodge: Dodged            |    34 |   121 |   285 |   279 ||   719
Block: Other             |       |       |       |     7 ||     7
       Reflection        |       |       |       |     1 ||     1
